 Dungeon Crawl Stone Soup version 0.31-a0-174-g85c54bcb58 (webtiles) character file.

Game seed: 6693844167990253997

8251 MacCMillion the Frost Mage (level 11, -2/82 HPs)
             Began as a Gnoll Ice Elementalist on June 15, 2023.
             Was a Believer of Cheibriados.
             Slain by a troll (13 damage)
             ... on level 11 of the Dungeon.
             The game lasted 00:24:14 (12777 turns).

MacCMillion the Frost Mage (GnIE)                  Turns: 12777, Time: 00:24:15

Health: -2/82      AC: 13    Str: 14    XL:     11   Next: 28%
Magic:  15/23      EV: 17    Int: 24    God:    Cheibriados [**....]
Gold:   725        SH:  5    Dex: 19    Spells: 15/26 levels left

rFire   . . .        s - +1 demon whip (venom)
rCold   . . .        (no shield)
rNeg    + . .        a - +0 robe
rPois   .            (no helmet)
rElec   .            d - scarf {repulsion}
rCorr   .            n - +0 pair of gloves
SInv    +            (no boots)
Will    .....        u - amulet of reflection
Stlth   ++++         F - ring of see invisible
HPRegen 0.33/turn    O - ring of positive energy
MPRegen 0.18/turn

%: repel missiles, reflection
@: ice-armoured, freezing walls, very slow
A: fangs 1, strong nose, distributed training
a: Renounce Religion, Bend Time


You were on level 11 of the Dungeon.
You worshipped Cheibriados.
Cheibriados was pleased with you.
You visited 2 branches of the dungeon, and saw 12 of its levels.
You also visited: Sewer.

You collected 725 gold pieces.

Inventory:

Hand Weapons
 c - a +2 dagger of electrocution
 r - a +0 orcbow
 s - a +1 demon whip of venom (weapon)
 C - a +2 flail of holy wrath
Missiles
 t - 4 throwing nets
 z - 7 curare-tipped darts
Armour
 a - a +0 robe (worn)
 d - a scarf of repulsion (worn)
 n - a +0 pair of gloves (worn)
 q - a +1 chain mail of willpower
 y - a +1 scale mail of poison resistance
Jewellery
 u - an amulet of reflection (around neck)
 F - a ring of see invisible (left hand)
 L - a ring of fire
 O - a ring of positive energy (right hand)
 Q - an amulet of the acrobat
Wands
 l - a wand of iceblast (25)
 p - a wand of mindburst (5)
 x - a wand of paralysis (20)
 N - a wand of flame (6)
Scrolls
 e - a scroll of revelation
 g - 7 scrolls of fear {unknown}
 h - 4 scrolls of immolation {unknown}
 k - 2 scrolls of enchant weapon {unknown}
 m - a scroll of summoning
 o - 3 scrolls of teleportation {unknown}
 v - a scroll of vulnerability
 w - a scroll of enchant armour
 G - 2 scrolls of fog {unknown}
 H - a scroll of brand weapon {unknown}
 J - 3 scrolls of acquirement {unknown}
 K - 2 scrolls of blinking
 S - a scroll of identify
Potions
 b - a potion of magic
 f - 5 potions of curing
 j - a potion of attraction
 A - a potion of ambrosia
 B - 2 potions of might
 D - a potion of lignification
 E - a potion of enlightenment {unknown}
 I - a potion of resistance {unknown}
 M - a potion of degeneration {unknown}
 P - a potion of heal wounds {unknown}
 R - a potion of brilliance {unknown}
Miscellaneous
 i - a lightning rod (4/4)


   Skills:
 + Level 6.3 Fighting
 + Level 6.3 Short Blades
 + Level 6.3 Long Blades
 + Level 6.3 Axes
 + Level 6.3 Maces & Flails
 + Level 6.3 Polearms
 + Level 6.3 Staves
 + Level 6.3 Ranged Weapons
 + Level 6.3 Throwing
 + Level 6.3 Armour
 + Level 7.9 Dodging
 + Level 7.7 Stealth
 + Level 6.3 Shields
 + Level 6.3 Unarmed Combat
 + Level 8.2 Spellcasting
 + Level 5.2 Conjurations
 + Level 5.2 Hexes
 + Level 5.2 Summonings
 + Level 5.2 Necromancy
 + Level 5.2 Translocations
 + Level 5.2 Transmutations
 + Level 5.2 Fire Magic
 + Level 9.0 Ice Magic
 + Level 5.2 Air Magic
 + Level 5.2 Earth Magic
 + Level 5.2 Poison Magic
 + Level 7.0 Invocations
 + Level 6.3 Evocations


You had 15 spell levels left.
You knew the following spells:

 Your Spells              Type           Power      Damage    Failure   Level
a - Freeze                Ice            100%       1d10      1%          1
b - Frozen Ramparts       Ice            100%       1d16      1%          3
c - Ozocubu's Armour      Ice            52%        N/A       1%          3
d - Summon Ice Beast      Ice/Summ       44%        N/A       3%          4

Your spell library contained the following spells:

 Spells                   Type           Power      Damage    Failure   Level
 Sublimation of Blood     Necr           35%        N/A       1%          2
 Wereblood                Tmut           35%        N/A       1%          2
 Alistair's Intoxication  Tmut/Pois      23%        N/A       21%         5
 Borgnjor's Vile Clutch   Necr/Erth      17%        N/A       21%         5
 Eringya's Noxious Bog    Tmut/Pois      17%        N/A       73%         6
 Summon Hydra             Summ           17%        N/A       99%         7


Dungeon Overview and Level Annotations

Branches:
Dungeon (10/15)            Temple (1/1) D:7           Sewer (visited)
   Lair: D:8-11         Orc: D:9-12

Altars:
Ashenzari
Cheibriados
Dithmenos
Elyvilon
Fedhas
Gozag
Hepliaklqana
Kikubaaqudgha
Makhleb
Nemelex Xobeh
Okawaru
Qazlal
Ru
Sif Muna
Trog
Uskayaw
Vehumet
Xom
Yredelemnul
Zin
The Shining One

Shops:
D:5 (   D:8 [

Annotations:
D:7 exclusion: statue
D:11 2 transporters, pornopis's ghost, journeyman MiFi


Innate Abilities, Weirdness & Mutations

You have very sharp teeth.
Your uncanny sense of smell can sniff out nearby items.
Your experience applies equally to all skills.


Message History

Magic restored.
You start resting.
Your icy armour starts to melt.
Your icy armour evaporates.
HP restored.
z - 7 curare-tipped darts (gained 1)
There is an open door here.
Items here: ( ))) †.
A troll comes into view.
A troll is nearby!
A troll is nearby!
The troll shouts!
The troll bites you but does no damage. The troll closely misses you.
The troll claws you. You block the troll's attack. The troll claws you.
The troll barely misses you.
Casting: Ozocubu's Armour (safe; 1% risk of failure)
Confirm with . or Enter, or press ? or * to list all spells.
Casting: Frozen Ramparts (safe; 1% risk of failure)
Press: ? - help, Dir - look around, f - activate The walls around you are covered in ice.
The troll misses you. The troll claws you! The troll claws you.
Unknown command.
Your frozen ramparts will break if you move.
Continue?
The frozen ramparts melt away as you move.
The troll bites you! The troll claws you! x2
Casting: Frozen Ramparts (safe; 1% risk of failure)
Confirm with . or Enter, or press ? or * to list all spells.
Casting: Frozen Ramparts (safe; 1% risk of failure)
Press: ? - help, Dir - look around, f - activate The walls around you are covered in ice.
The wall freezes the troll but does no damage.
The troll bites you!
* * * LOW HITPOINT WARNING * * *
The troll misses you. The troll claws you.
* * * LOW HITPOINT WARNING * * *
Casting: Frozen Ramparts (safe; 1% risk of failure)
Confirm with . or Enter, or press ? or * to list all spells.
A film of ice covers your body!
The wall freezes the troll!
The troll bites you!
You die...

.........#...........
.........)......####+
........##).....#
....#...#.........
........#..........
........#..........
........#..........
........###########
...........@.......
..^.......T#####...
.......#...#
.......#...#
.......#...#
.......#...#
............ ####
#######


You could see a troll.

Vanquished Creatures
  A centaur warrior (D:10)
  Amaemon (D:8)
  Maurice (D:9)
  An orange demon (D:8)
  2 trolls (D:9)
  8 yaks
  A wraith (D:10)
  A wyvern (D:10)
  2 steam dragons
  2 vampire mosquitoes (D:10)
  Grum (D:8)
  A water moccasin (D:4)
  An acid dragon (D:10)
  A sky beast (D:8)
  4 black bears
  An ice beast (D:5)
  An orc warrior (D:11)
  2 ogres
  2 wolves (D:8)
  3 centaurs
  4 kobold brigands
  Blork the orc (D:4)
  4 bullfrogs
  4 scorpions
  11 wights
  3 killer bees (D:8)
  5 howler monkeys
  3 orc priests
  A hound (D:5)
  2 gnoll boudas
  A jelly (D:7)
  Jessica (D:3)
  2 iguanas (D:7)
  6 orc wizards
  Robin (D:2)
  15 gnolls
  9 adders
  2 shadow imps (D:8)
  A white imp (D:7)
  6 worms
  A dart slug (D:3)
  26 orcs
  13 endoplasms
  9 giant cockroaches
  6 hobgoblins
  6 jackals
  19 kobolds
  11 quokkas
  17 ball pythons
  5 bats
  17 frilled lizards
  18 goblins
  7 rats
274 creatures vanquished.

Notes
Turn   | Place    | Note
-------+----------+-------------------------------------------
     0 | D:1      | MacCMillion the Gnoll Ice Elementalist began the quest for
                  | the Orb.
     0 | D:1      | Reached XP level 1. HP: 13/13 MP: 6/6
   174 | D:1      | Reached XP level 2. HP: 19/19 MP: 5/7
   854 | D:2      | Reached skill level 5 in Spellcasting
   854 | D:2      | Reached XP level 3. HP: 18/25 MP: 3/9
   909 | D:2      | Learned a level 3 spell: Frozen Ramparts
   913 | D:2      | Learned a level 3 spell: Ozocubu's Armour
  1111 | D:2      | Reached skill level 1 in Invocations
  1295 | D:2      | Reached skill level 1 in Fighting
  1295 | D:2      | Reached skill level 1 in Short Blades
  1295 | D:2      | Reached skill level 1 in Long Blades
  1295 | D:2      | Reached skill level 1 in Axes
  1295 | D:2      | Reached skill level 1 in Maces & Flails
  1295 | D:2      | Reached skill level 1 in Polearms
  1295 | D:2      | Reached skill level 1 in Staves
  1295 | D:2      | Reached skill level 1 in Ranged Weapons
  1295 | D:2      | Reached skill level 1 in Throwing
  1295 | D:2      | Reached skill level 1 in Armour
  1295 | D:2      | Reached skill level 1 in Shields
  1295 | D:2      | Reached skill level 1 in Unarmed Combat
  1295 | D:2      | Reached skill level 1 in Evocations
  1356 | D:2      | Reached XP level 4. HP: 26/32 MP: 0/11
  2060 | D:2      | Noticed Robin
  2064 | D:2      | Reached skill level 1 in Conjurations
  2064 | D:2      | Reached skill level 1 in Hexes
  2064 | D:2      | Reached skill level 1 in Summonings
  2064 | D:2      | Reached skill level 1 in Necromancy
  2064 | D:2      | Reached skill level 1 in Translocations
  2064 | D:2      | Reached skill level 1 in Transmutations
  2064 | D:2      | Reached skill level 1 in Fire Magic
  2064 | D:2      | Reached skill level 1 in Air Magic
  2064 | D:2      | Reached skill level 1 in Earth Magic
  2064 | D:2      | Reached skill level 1 in Poison Magic
  2074 | D:2      | Killed Robin
  2369 | D:3      | Noticed Jessica
  2388 | D:3      | Reached XP level 5. HP: 37/37 MP: 4/12
  2393 | D:3      | Killed Jessica
  2480 | D:3      | Found a faded altar of an unknown god.
  2503 | D:3      | Found a glowing drain.
  2572 | Sewer    | Entered a sewer
  3521 | Sewer    | Reached XP level 6. HP: 44/44 MP: 10/13
  3912 | Sewer    | Reached skill level 5 in Dodging
  4037 | D:3      | Found a bloodstained altar of Trog.
  4520 | D:3      | Reached XP level 7. HP: 33/51 MP: 8/15
  4843 | D:4      | Reached skill level 5 in Stealth
  5058 | D:4      | Noticed Blork the orc
  5069 | D:4      | Killed Blork the orc
  5310 | D:4      | Found a blossoming altar of Fedhas.
  5387 | D:5      | Entered Level 5 of the Dungeon
  5429 | D:5      | Learned a level 4 spell: Summon Ice Beast
  5590 | D:5      | Found a hide-covered altar of Uskayaw.
  5754 | D:5      | Reached XP level 8. HP: 48/58 MP: 9/16
  6151 | D:5      | Found Avoeseek's Weapon Emporium.
  6463 | D:6      | Found a stormy altar of Qazlal.
  6466 | D:6      | Found a basalt altar of Yredelemnul.
  6471 | D:6      | Found a broken altar of Ashenzari.
  6710 | D:6      | Found a large runed translucent door.
  6710 | D:6      | Found a large runed translucent door.
  7492 | D:6      | Found a sacrificial altar of Ru.
  7516 | D:6      | Found a shimmering altar of Xom.
  7562 | D:7      | Reached XP level 9. HP: 65/65 MP: 18/18
  7875 | D:7      | Reached skill level 8 in Ice Magic
  8000 | D:7      | Found a staircase to the Ecumenical Temple.
  8008 | Temple   | Entered the Ecumenical Temple
  8199 | Temple   | Became a worshipper of Cheibriados the Contemplative
  8245 | D:7      | Found a glowing silver altar of Zin.
  8649 | D:7      | Reached skill level 5 in Invocations
  8695 | D:7      | Found a white marble altar of Elyvilon.
  8812 | D:7      | Found a radiant altar of Vehumet.
  9036 | D:8      | Noticed Amaemon
  9049 | D:8      | Killed Amaemon
  9179 | D:8      | Noticed an orange demon
  9195 | D:8      | Killed an orange demon
  9196 | D:8      | Reached skill level 5 in Fighting
  9196 | D:8      | Reached skill level 5 in Short Blades
  9196 | D:8      | Reached skill level 5 in Long Blades
  9196 | D:8      | Reached skill level 5 in Axes
  9196 | D:8      | Reached skill level 5 in Maces & Flails
  9196 | D:8      | Reached skill level 5 in Polearms
  9196 | D:8      | Reached skill level 5 in Staves
  9196 | D:8      | Reached skill level 5 in Ranged Weapons
  9196 | D:8      | Reached skill level 5 in Throwing
  9196 | D:8      | Reached skill level 5 in Armour
  9196 | D:8      | Reached skill level 5 in Shields
  9196 | D:8      | Reached skill level 5 in Unarmed Combat
  9196 | D:8      | Reached skill level 5 in Evocations
  9196 | D:8      | Reached XP level 10. HP: 38/74 MP: 13/20
  9557 | D:8      | Found a shimmering blue altar of Sif Muna.
  9572 | D:8      | Noticed Grum
  9586 | D:8      | Killed Grum
  9847 | D:8      | Reached * piety under Cheibriados
 10253 | D:8      | Found Agoweul's Antique Armour Shoppe.
 10327 | D:8      | Found a hazy altar of Hepliaklqana.
 10741 | D:9      | Reached ** piety under Cheibriados
 10781 | D:9      | Noticed Maurice
 10798 | D:9      | Killed Maurice
 11816 | D:10     | Entered Level 10 of the Dungeon
 11882 | D:10     | Reached skill level 5 in Conjurations
 11882 | D:10     | Reached skill level 5 in Hexes
 11882 | D:10     | Reached skill level 5 in Summonings
 11882 | D:10     | Reached skill level 5 in Necromancy
 11882 | D:10     | Reached skill level 5 in Translocations
 11882 | D:10     | Reached skill level 5 in Transmutations
 11882 | D:10     | Reached skill level 5 in Fire Magic
 11882 | D:10     | Reached skill level 5 in Air Magic
 11882 | D:10     | Reached skill level 5 in Earth Magic
 11882 | D:10     | Reached skill level 5 in Poison Magic
 11882 | D:10     | Reached XP level 11. HP: 59/81 MP: 18/22
 12023 | D:10     | Noticed a centaur warrior
 12042 | D:10     | Killed a centaur warrior
 12516 | D:10     | Reached skill level 9 in Ice Magic
 12558 | D:10     | You fall into a shaft and drop 1 floor!
 12672 | D:11     | Found a transporter.
 12676 | D:11     | Found a transporter.
 12676 | D:11     | Noticed pornopis's ghost (journeyman MiFi)
 12677 | D:11     | Noticed a flayed ghost
 12777 | D:11     | Slain by a troll

Illustrated notes

Levels and vault maps discovered:
D:1:      dpeg_arrival_lava_altar, layout_rooms, minmay_misc_feat_rows,
          minmay_misc_feat_alley, minmay_misc_feat_roman
D:2:      layout_basic, minmay_circle_x, uniq_robin
D:3:      minmay_chambers_of_twos, layout_rooms, overflow_temple_1_default,
          cheibrodos_sewer_entry_drain, shapermc_ecumenical_altar_pompeii,
          minmay_diced_spiral, uniq_jessica
D:4:      layout_basic, fedhas_altar_3, uniq_blork_the_orc
D:5:      cheibrodos_helix_gallery, layout_loops_cross,
          overflow_temple_1_default, serial_shops, kennysheep_mini,
          minmay_misc_feat_doors
D:6:      layout_loops_ring, jmf_multi_god_temple2,
          grunt_temple_overflow_diamond, lexackson_kobold_supper
D:7:      layout_rooms, lemuel_doored_altar, mainiacjoe_overflow_alcove_2,
          vehumet_statue, minmay_temple_entry_overgrown,
          kennysheep_generic_room_5
D:8:      layout_loops_cross, kennysheep_mini_moat, marbit_many_paths,
          serial_shops, nicolae_shop_tiny_waterfront, uniq_amaemon, uniq_grum
D:9:      layout_gridville, uniq_maurice
D:10:     layout_loops_corners, nzn_wu_jian_contemplation, enter_bailey_2,
          uniq_harold
D:11:     layout_stronghold, hellmonk_lair_entry_icy, gammafunk_ghost_arena,
          uniq_erolcha
Temple:   nicolae_temple_bog_church

Skill      XL: |  1  2  3  4  5  6  7  8  9 10 11 |
---------------+----------------------------------+-----
Spellcasting   | 5 6 7 8 |  8.2
Invocations    | 1 2 3 4 5 6 7 |  7.0
Fighting       | 1 2 3 5 6 |  6.3
Short Blades   | 1 2 3 5 6 |  6.3
Long Blades    | 1 2 3 5 6 |  6.3
Axes           | 1 2 3 5 6 |  6.3
Maces & Flails | 1 2 3 5 6 |  6.3
Polearms       | 1 2 3 5 6 |  6.3
Staves         | 1 2 3 5 6 |  6.3
Ranged Weapons | 1 2 3 5 6 |  6.3
Throwing       | 1 2 3 5 6 |  6.3
Armour         | 1 2 3 5 6 |  6.3
Shields        | 1 2 3 5 6 |  6.3
Unarmed Combat | 1 2 3 5 6 |  6.3
Evocations     | 1 2 3 5 6 |  6.3
Conjurations   | 1 2 3 4 5 |  5.2
Hexes          | 1 2 3 4 5 |  5.2
Summonings     | 1 2 3 4 5 |  5.2
Necromancy     | 1 2 3 4 5 |  5.2
Translocations | 1 2 3 4 5 |  5.2
Transmutations | 1 2 3 4 5 |  5.2
Fire Magic     | 1 2 3 4 5 |  5.2
Air Magic      | 1 2 3 4 5 |  5.2
Earth Magic    | 1 2 3 4 5 |  5.2
Poison Magic   | 1 2 3 4 5 |  5.2
Dodging        | 5 6 7 |  7.9
Stealth        | 5 6 7 |  7.7
Ice Magic      | 8 9 |  9.0

Action                     |  1- 3 |  4- 6 |  7- 9 | 10-12 || total
---------------------------+-------+-------+-------+-------++-------
  Melee: Dagger            |    21 |    65 |    98 |     4 ||   188
         Bite              |       |     6 |    12 |    17 ||    35
         Punch             |       |     1 |     5 |     5 ||    11
         Flail             |       |       |    29 |    46 ||    75
         Demon whip        |       |       |     2 |    98 ||   100
  Throw: Dart              |       |       |     1 |       ||     1
   Cast: Freeze            |    19 |     1 |     5 |       ||    25
         Frozen Ramparts   |     7 |    36 |    37 |    21 ||   101
         Ozocubu's Armour  |     4 |    13 |    22 |    23 ||    62
         Summon Ice Beast  |       |       |     1 |       ||     1
    Use: Potion            |       |       |     3 |       ||     3
         Scroll            |       |       |       |     8 ||     8
   Stab: Sleeping          |     2 |     9 |     2 |     8 ||    21
         Distracted        |       |       |     1 |       ||     1
 Armour: Robe              |     7 |    17 |    41 |    44 ||   109
  Dodge: Dodged            |    24 |    40 |    80 |   115 ||   259
         Repelled          |       |       |     3 |     1 ||     4
  Block: Other             |       |       |    23 |    35 ||    58
         Reflection        |       |       |     1 |     2 ||     3

Table legend: (Time is in decaauts)
 A = Elapsed time spent in this place.
 B = Non-inter-level travel time spent in this place.
 C = Inter-level travel time spent in this place.
 D = Time resting spent in this place.
 E = Time spent auto-exploring this place.
 F = Levels seen in this place.
 G = Mean time per level.
                   A        B        C        D        E       F      G
               +--------+--------+--------+--------+--------+-----+--------+
         Total |  13799 |  13364 |    435 |   3435 |   7440 |  13 | 1061.5 |
       Dungeon |  12062 |  11640 |    422 |   2284 |   7215 |  11 | 1096.5 |
        Temple |    218 |    205 |     13 |      0 |    185 |   1 |  218.0 |
         Sewer |   1518 |   1518 |      0 |   1150 |     39 |   1 | 1518.0 |
               +--------+--------+--------+--------+--------+-----+--------+

Top non-repeatable levels by time:
     D:9: 1778 daAuts
     D:2: 1635 daAuts
     D:8: 1598 daAuts
   Sewer: 1518 daAuts
     D:7: 1322 daAuts
     D:6: 1160 daAuts
     D:5: 1058 daAuts
    D:10: 913 daAuts
     D:3: 805 daAuts
     D:4: 802 daAuts
     D:1: 716 daAuts
    D:11: 270 daAuts
  Temple: 218 daAuts
